 Dungeon Crawl Stone Soup version 0.22-a0-181-gb22368a (webtiles) character file.

58 KristoblXynda the Ruffian (level 3, -2/28 HPs)
             Began as a Draconian Transmuter on Feb 14, 2018.
             Slain by a gnoll
             ... wielding a +0 spear
              (5 damage)
             ... on level 2 of the Dungeon.
             The game lasted 00:02:41 (1126 turns).

KristoblXynda the Ruffian (Draconian Transmuter)    Turns: 1126, Time: 00:02:41

Health: -2/28      AC:  5    Str: 12    XL:     3   Next: 75%
Magic:  6/6        EV: 12    Int: 14    God:
Gold:   54         SH:  0    Dex: 11    Spells: 2/6 levels left

rFire    . . .     SeeInvis .     - Unarmed
rCold    . . .     Gourm    .   (no shield)
rNeg     . . .     Faith    .   (armour unavailable)
rPois    .         Spirit   .   (helmet restricted)
rElec    .         Reflect  .   (no cloak)
rCorr    .         Harm     .   (no gloves)
MR       .....                  (no boots)
Stlth    +.........             (no amulet)
HPRegen  0.09/turn              (no ring)
MPRegen  0.10/turn              (no ring)

@: appendage (expiring)
A: unfitting armour, horns 2, cold-blooded, AC +5
a: End Transformation


You were on level 2 of the Dungeon.
You were hungry.
You had grown temporary horns.
You visited 1 branch of the dungeon, and saw 2 of its levels.

You collected 54 gold pieces.

Inventory:

Missiles
 a - 28 arrows
Armour
 k - a +0 pair of boots
Scrolls
 d - a scroll of random uselessness {unknown}
 j - a scroll of remove curse {unknown}
Potions
 e - a potion of agility {unknown}
 f - a potion of heal wounds {unknown}
 g - a potion of curing {unknown}
 h - a potion of flight {unknown}
 i - a potion of degeneration {unknown}
Books
 b - a book of Changes

   Spells                             Type                      Level
   a - Beastly Appendage              Transmutation                1
   b - Sticks to Snakes               Transmutation                2
   c - Spider Form                    Transmutation/Poison         3
   d - Ice Form                       Ice/Transmutation            4
   e - Blade Hands                    Transmutation                5
Comestibles
 c - 3 rations


   Skills:
 - Level 1.1 Fighting
 - Level 1.7 Dodging
 * Level 4.3 Unarmed Combat
 - Level 2.0 Spellcasting
 + Level 2.8 Transmutations


You had 2 spell levels left.
You knew the following spells:

 Your Spells              Type           Power        Failure   Level  Hunger
a - Beastly Appendage     Tmut           #.....       8%          1    ##.....
b - Spider Form           Tmut/Pois      #.........   36%         3    ####...


Dungeon Overview and Level Annotations

Branches:
Dungeon (2/15)

Altars:


Innate Abilities, Weirdness & Mutations

Your plain brown scales are hard. (AC +5)
You cannot fit into any form of body armour.
You are cold-blooded and may be slowed by cold attacks.
You have a pair of horns on your head.


Message History

You hit the gnoll.
You kill the gnoll!
You hit the hobgoblin.
You kill the hobgoblin!
You hit the gnoll.
The gnoll is lightly wounded.
Your transformation is almost over.
The gnoll hits you but does no damage.
You hit the gnoll but do no damage.
The gnoll is lightly wounded.
The gnoll barely misses you.
You closely miss the gnoll.
Your tail-slap misses the gnoll.
You punch the gnoll.
The gnoll is lightly wounded.
The gnoll hits you with a spear!
* * * LOW HITPOINT WARNING * * *
You closely miss the gnoll. You headbutt the gnoll.
The gnoll is moderately wounded.
The gnoll hits you with a spear.
You die...

.##.## #.......# ≈.##.##
#......## ≈≈P...#
#......#### ≈≈...####
#.....##..#
≈≈....P.###.....##..##
≈≈.#..##.##.#..##....#
≈≈..#.P.P##.#..##....##
≈≈.....P###.##.#....).# #
≈≈...##PP##+##.#@.# .#
≈≈.##.PP###..#.g.## ..#
≈≈..##.## #...#### .#.#
≈≈##.### #....## ....#
###########.....####...##
#....'...).....'.......#
##†###.........####...##
##.###.......## .## #.#
##.....## ..


You could see a gnoll.

Vanquished Creatures
  A gnoll (D:2)
  2 dart slugs
  A leopard gecko (D:1)
  A ball python (D:1)
  4 giant cockroaches (D:1)
  9 goblins
  6 hobgoblins
  4 kobolds
  5 bats
  2 frilled lizards
  5 rats
40 creatures vanquished.

Notes
Turn   | Place    | Note
-------+----------+-------------------------------------------
     0 | D:1      | KristoblXynda the Draconian Transmuter began the quest for the Orb.
     0 | D:1      | Reached XP level 1. HP: 16/16 MP: 3/3
   121 | D:1      | Reached XP level 2. HP: 12/23 MP: 5/5
   442 | D:1      | Reached XP level 3. HP: 17/28 MP: 6/6
   660 | D:1      | Learned a level 3 spell: Spider Form
   758 | D:1      | Reached skill level 4 in Unarmed Combat
  1126 | D:2      | Slain by a gnoll

Vault maps used:
D:1:      shiori_arrival_oz
D:2:      wad_lake_hut, chequers_ecumenical_altar_lobes, minmay_misc_feat_x

Skill      XL: |  1  2  3 |
---------------+----------+-----
Unarmed Combat | 4 |  4.3
Fighting       | |  1.1
Dodging        | |  1.7
Spellcasting   | |  2.0
Transmutations | |  2.8

Action                   || total
-------------------------++-------
Melee: Unarmed           ||   115
       Tailslap          ||    15
       Kick              ||     1
       Punch             ||     3
       Headbutt          ||     2
 Cast: Beastly Appendage ||     4
  Use: Scroll            ||     2
Armor: Skin              ||    41
Dodge: Dodged            ||    76

Table legend:
 A = Spawn XP
 B = Non-spawn XP
 C = Spawn XP percentage of total XP
 D = Spawn monster count
 E = Non-spawn monster count
 F = Spawn count percentage of total count
 G = Total turns spent on level
                    A         B        C        D         E        F      G
               +---------+---------+-------+---------+---------+-------+---------
         Total |       0 |      83 |   0.0 |       0 |      40 |   0.0 |  1126
               +---------+---------+-------+---------+---------+-------+---------
           D:1 |       0 |      52 |   0.0 |       0 |      29 |   0.0 |   847
           D:2 |       0 |      31 |   0.0 |       0 |      11 |   0.0 |   279
               +---------+---------+-------+---------+---------+-------+---------
